 Dungeon Crawl Stone Soup version 0.28-a0-751-gef3a642a4e (webtiles) character file.

Game seed: 12571708339055314298

3040 karkarkar the Cleaver (level 9, 0/68 (78) HPs)
             Began as a Minotaur Fighter on Oct 30, 2021.
             Was a Believer of Okawaru.
             Slain by a wight (3 damage)
             ... on level 8 of the Dungeon.
             The game lasted 00:17:52 (8452 turns).

karkarkar the Cleaver (Minotaur Fighter)            Turns: 8452, Time: 00:17:54

HP:   0/68 (78)     AC: 15    Str: 24    XL:     9   Next: 56%
MP:   8/8           EV:  5    Int:  5    God:    Okawaru [**....]
Gold: 44            SH:  9    Dex: 10    Spells: 8/8 levels left

rFire   . . .      SeeInvis .   a - +1 war axe
rCold   . . .      Faith    .   m - +0 kite shield
rNeg    . . .      Spirit   .   w - +0 plate armour
rPois   .          Reflect  .   D - +2 hat
rElec   .          Harm     .   (no cloak)
rCorr   .          Rampage  .   (no gloves)
Will    .....                   (no boots)
Stlth   ..........              (no amulet)
HPRegen 0.21/turn               p - ring of flight
MPRegen 0.11/turn               (no ring)

@: flying, heavily drained
A: horns 2, retaliatory headbutt
a: Renounce Religion, Heroism


You were on level 8 of the Dungeon.
You worshipped Okawaru.
Okawaru was pleased with you.
You visited 1 branch of the dungeon, and saw 8 of its levels.

You collected 472 gold pieces.
You spent 428 gold pieces at shops.

Inventory:

Hand Weapons
 a - a +1 war axe (weapon)
 x - a +0 flail of holy wrath
Missiles
 o - 6 boomerangs
 s - 12 poisoned darts
Armour
 m - a +0 kite shield (worn)
 w - a +0 plate armour (worn)
 D - a +2 hat (worn)
Jewellery
 p - a ring of flight (left hand)
Wands
 n - a wand of digging (4)
 z - a wand of iceblast (17) (quivered)
Scrolls
 b - a scroll of brand weapon
 c - a scroll of amnesia {unknown}
 f - a scroll of vulnerability
 h - a scroll of fear
 i - a scroll of fog
 k - a scroll of magic mapping
 r - 2 scrolls of teleportation
 v - a scroll of enchant weapon
 y - 3 scrolls of enchant armour {unknown}
 A - a scroll of noise {unknown}
Potions
 d - a potion of might
 e - a potion of berserk rage {unknown}
 g - 5 potions of curing
 j - 3 potions of brilliance {unknown}
 l - 2 potions of invisibility
 q - a potion of heal wounds {unknown}
 t - a potion of ambrosia {unknown}
 u - 3 potions of lignification {unknown}
 B - 2 potions of attraction {unknown}
 C - a potion of mutation {unknown}


   Skills:
 + Level 6.5 Fighting
 * Level 12.1 Axes
 + Level 0.6 Throwing
 - Level 7.4 Armour
 - Level 0.4 Dodging
 - Level 1.0 Stealth
 + Level 6.6 Shields
 * Level 1.2 Invocations


You had 8 spell levels left.
You didn't know any spells.
Your spell library contained the following spells:

 Spells                   Type           Power      Damage    Failure   Level
 Pain                     Necr           0%         1d4       100%        1
 Corpse Rot               Necr/Air       0%         N/A       100%        2
 Poisonous Vapours        Pois/Air       0%         N/A       100%        2
 Ozocubu's Armour         Ice            0%         N/A       100%        3
 Vampiric Draining        Necr           0%         2d6       100%        3
 Ozocubu's Refrigeration  Ice            0%         4d5       100%        7
 Animate Skeleton         Necr           Unusable   N/A       N/A         1

Dungeon Overview and Level Annotations

Branches:
Dungeon (8/15)             Temple (0/1) D:6
   Lair: D:8-11

Altars:
Ashenzari
Cheibriados
Dithmenos
Fedhas
Gozag
Kikubaaqudgha
Nemelex Xobeh
Okawaru
Qazlal
Wu Jian
Yredelemnul
Zin

Shops:
D:2 ([*?


Innate Abilities, Weirdness & Mutations

You have a pair of horns on your head.
You reflexively headbutt those who attack you in melee.


Message History

You block the wight's attack.
The wight hits you from afar with a +3 halberd.
You slash the wight!
You destroy the wight!
Okawaru accepts your kill.
You slash the wight! You hit the wight but do no damage.
The wight hits you but does no damage. The wight barely misses you.
The wight hits you from afar with a +3 halberd.
You feel drained. The wight hits you but does no damage.
You slash the wight!
The wight is heavily damaged.
You closely miss the wight. The wight hits you with a +0 dagger.
The wight hits you with a +4 long sword of freezing.
You feel drained. The wight freezes you.
You hit the wight but do no damage.
The wight is heavily damaged.
You hit the wight.
The wight hits you with a +4 long sword of freezing!
The wight freezes you.
The wight hits you from afar with a +3 halberd!
* * * LOW HITPOINT WARNING * * *
You feel drained.
* * * LOW HITPOINT WARNING * * *
The white imp gestures at you.
The puff of frost hits you but does no damage.
As you read the scroll of fog, it crumbles to dust.
The scroll dissolves into smoke.
The wight hits you with a +0 dagger.
* * * LOW HITPOINT WARNING * * *
You feel drained. The wight barely misses you. You furiously retaliate!
You headbutt the wight, but do no damage.
The wight hits you but does no damage.
As you read the scroll of fear, it crumbles to dust.
You assume a fearsome visage.
The white imp looks frightened!
The wight is unaffected. x3; The wight hits you with a +0 dagger.
* * * LOW HITPOINT WARNING * * *
The wight hits you with a +4 long sword of freezing!
* * * LOW HITPOINT WARNING * * *
The wight freezes you.
You die...

#####.#.###.########
.....#........... .
####.##.#)######## ..
........#.#.....####...
.....................
######..##.#.###.##.#.##
...........#..........#
##########..#######.##.####
..............§5@z§<.......
#.............§z§§§........
#.#####'#######z####.......
.... #..z..# #...... .....#
#.....## ......
#.....###.....## ......
#....###.....## ......
+...# #.....# ..... #..#
###'## ....


You could see 3 wights and a white imp (fleeing).

Vanquished Creatures
  Prince Ribbit (D:7)
  A steam dragon (D:7)
  3 water moccasins (D:7)
  An ice beast (D:5)
  2 orc warriors
  A sky beast (D:6)
  2 black bears
  4 necrophages
  A centaur (D:7)
  A bullfrog (D:8)
  2 scorpions
  A gnoll sergeant (D:7)
  2 wyvern skeletons
  4 wights (D:8)
  3 howler monkeys (D:7)
  A bullfrog zombie (D:5)
  A centaur zombie (D:6)
  3 hounds
  A bullfrog skeleton (D:5)
  A centaur skeleton (D:4)
  4 jellies
  3 orc priests
  A scorpion zombie (D:5)
  3 iguanas
  3 orc wizards
  2 hound skeletons
  3 adders
  5 gnolls (D:7)
  A howler monkey skeleton (D:5)
  A worm (D:3)
  3 dart slugs
  20 orcs
  6 bats
  6 endoplasms
  2 giant cockroaches
  11 goblins
  6 hobgoblins
  12 kobolds
  8 quokkas
  8 ball pythons
  3 frilled lizards
  2 rats
149 creatures vanquished.

Vanquished Creatures (others)
  16 plants
16 creatures vanquished.

Grand Total: 165 creatures vanquished

Notes
Turn   | Place    | Note
-------+----------+-------------------------------------------
     0 | D:1      | karkarkar the Minotaur Fighter began the quest for the Orb.
     0 | D:1      | Reached XP level 1. HP: 19/19 MP: 0/0
    91 | D:1      | Reached XP level 2. HP: 24/27 MP: 1/1
   732 | D:1      | Reached skill level 3 in Axes
   756 | D:2      | Found a faded altar of an unknown god.
   776 | D:2      | Found Hyvvaaz's General Store.
   801 | D:2      | Reached XP level 3. HP: 33/33 MP: 2/2
  1098 | D:2      | Found Bops's Armour Shoppe.
  1166 | D:2      | Reached skill level 4 in Axes
  1166 | D:2      | Reached XP level 4. HP: 40/40 MP: 3/3
  1473 | D:2      | Reached XP level 5. HP: 46/47 MP: 4/4
  1477 | D:2      | Found a broken altar of Ashenzari.
  1517 | D:2      | Found Reihiuv's Magic Scroll Shop.
  1584 | D:2      | Found Viuth's Weapon Emporium.
  2188 | D:2      | Bought a scroll of identify for 20 gold pieces
  2188 | D:2      | Bought a scroll of identify for 20 gold pieces
  2188 | D:2      | Bought a scroll of identify for 20 gold pieces
  2188 | D:2      | Bought a scroll of identify for 20 gold pieces
  2188 | D:2      | Bought a scroll of identify for 20 gold pieces
  2226 | D:3      | Found a basalt altar of Yredelemnul.
  2230 | D:3      | Reached skill level 5 in Axes
  2311 | D:3      | Found a glowing silver altar of Zin.
  2387 | D:3      | Found an opulent altar of Gozag.
  3080 | D:4      | Noticed a necrophage
  3095 | D:4      | Killed a necrophage
  3096 | D:4      | Reached skill level 6 in Axes
  3096 | D:4      | Reached XP level 6. HP: 52/53 MP: 5/5
  3204 | D:4      | Found a blossoming altar of Fedhas.
  3604 | D:5      | Entered Level 5 of the Dungeon
  3618 | D:5      | Reached skill level 7 in Axes
  3710 | D:2      | Bought a scroll of teleportation for 39 gold pieces
  3710 | D:2      | Bought a scroll of identify for 26 gold pieces
  3710 | D:2      | Bought a scroll of teleportation for 39 gold pieces
  3815 | D:5      | Found a snail-covered altar of Cheibriados.
  3824 | D:5      | Reached XP level 7. HP: 33/60 MP: 6/6
  3963 | D:5      | Found a stormy altar of Qazlal.
  3963 | D:5      | Found an ancient bone altar of Kikubaaqudgha.
  3963 | D:5      | Found an iron altar of Okawaru.
  3967 | D:5      | Reached skill level 5 in Fighting
  3967 | D:5      | Reached skill level 8 in Axes
  4002 | D:5      | Reached skill level 5 in Shields
  4113 | D:5      | Became a worshipper of Warmaster Okawaru
  4233 | D:5      | Reached skill level 9 in Axes
  4233 | D:5      | Reached skill level 5 in Armour
  4233 | D:5      | Reached skill level 1 in Stealth
  4233 | D:5      | Reached XP level 8. HP: 41/68 MP: 7/7
  5452 | D:6      | Reached * piety under Okawaru
  5453 | D:6      | Reached skill level 10 in Axes
  5545 | D:6      | Found a staircase to the Ecumenical Temple.
  6171 | D:7      | Found a sparkling altar of Nemelex Xobeh.
  6231 | D:7      | Reached skill level 11 in Axes
  6238 | D:7      | Reached XP level 9. HP: 27/75 MP: 8/8
  6610 | D:7      | Noticed Prince Ribbit
  6620 | D:7      | Killed Prince Ribbit
  6620 | D:7      | Reached ** piety under Okawaru
  6824 | D:7      | Found a shadowy altar of Dithmenos.
  6828 | D:7      | Found an ornate altar of the Wu Jian Council.
  7784 | D:2      | Bought a +2 hat for 224 gold pieces
  8428 | D:8      | Reached skill level 12 in Axes
  8438 | D:8      | Reached skill level 1 in Invocations
  8452 | D:8      | HP: 3/68 [wight (8)]
  8452 | D:8      | Slain by a wight

Illustrated notes

Levels and vault maps discovered:
D:1:      minmay_arrival_plants_in_alcoves, layout_basic, minmay_tetromino_i4
D:2:      cheibrodos_pilgrimage, layout_rooms,
          shapermc_ecumenical_altar_mp_ritualfount, basic_altar, serial_shops,
          nicolae_shop_behind_doors, nicolae_shop_stone,
          nicolae_shop_statue_plus, shop_statue, minmay_misc_feat_columns
D:3:      layout_basic, pdpol_temple_overflow_zin_treasury_gozag_greed,
          mainiacjoe_overflow_concentric_impassable, minivault_5,
          chequers_big_river
D:4:      layout_basic, mainiacjoe_overflow_paths, serial_rivers,
          chequers_serial_rivers_micro_a, chequers_serial_rivers_room_a,
          chequers_serial_rivers_small_3, chequers_serial_rivers_micro_e
D:5:      layout_cave_pools, lemuel_round_altar,
          gammafunk_temple_overflow_forgotten
D:6:      layout_loops_corners, minmay_temple_entry_butterflies
D:7:      layout_basic, mainiacjoe_overflow_chevrons,
          gammafunk_temple_overflow_pools, uniq_prince_ribbit1
D:8:      kennysheep_housing_project, layout_basic, lair_entry_dummy,
          minmay_quadrilaterals

Skill      XL: |  1  2  3  4  5  6  7  8  9 |
---------------+----------------------------+-----
Shields        | 4 5 6 |  6.6
Fighting       | 4 5 6 |  6.5
Armour         | 4 5 6 7 |  7.4
Axes           | 3 4 6 7 9 11 12 | 12.1
Stealth        | 1 |  1.0
Invocations    | 1 |  1.2
Throwing       | |  0.6
Dodging        | |  0.4

Action                   |  1- 3 |  4- 6 |  7- 9 || total
-------------------------+-------+-------+-------++-------
Melee: War axe           |    74 |   112 |   221 ||   407
       Headbutt          |     7 |    18 |    42 ||    67
Throw: Boomerang         |       |       |     3 ||     3
Invok: Heroism           |       |       |     6 ||     6
Evoke: Wand              |       |       |     2 ||     2
  Use: Scroll            |       |     6 |     5 ||    11
       Potion            |       |       |     1 ||     1
Armor: Scale mail        |    36 |    10 |       ||    46
       Troll leather arm |       |    23 |     3 ||    26
       Chain mail        |       |       |    25 ||    25
       Plate armour      |       |       |    63 ||    63
Dodge: Dodged            |    37 |    34 |    59 ||   130
Block: Buckler           |    23 |     3 |       ||    26
       Kite shield       |       |    48 |    95 ||   143

Table legend: (Time is in decaauts)
 A = Elapsed time spent in this place.
 B = Non-inter-level travel time spent in this place.
 C = Inter-level travel time spent in this place.
 D = Time resting spent in this place.
 E = Time spent auto-exploring this place.
 F = Levels seen in this place.
 G = Mean time per level.
                   A        B        C        D        E       F      G
               +--------+--------+--------+--------+--------+-----+--------+
         Total |   8570 |   7834 |    736 |   1874 |   4643 |   8 | 1071.2 |
       Dungeon |   8570 |   7834 |    736 |   1874 |   4643 |   8 | 1071.2 |
               +--------+--------+--------+--------+--------+-----+--------+

Top non-repeatable levels by time:
     D:7: 1969 daAuts
     D:6: 1436 daAuts
     D:2: 1241 daAuts
     D:3: 1076 daAuts
     D:5: 984 daAuts
     D:4: 865 daAuts
     D:1: 767 daAuts
     D:8: 228 daAuts
